[Event "Team 45 45 League T38"]
[Site "Internet Chess Club"]
[Date "2008.07.26"]
[Round "1"]
[White "PsyMar"]
[Black "klt713"]
[Result "0-1"]
[WhiteElo "1178"]
[BlackElo "1181"]
[Opening "Sicilian: Taimanov variation"]
[ECO "B46"]
[Time "14:00:12"]
[TimeControl "2700+45"]

1. e4 c5 2. Nf3 e6 3. d4 a6 4. Nc3 cxd4 5. Nxd4 Nc6 6. h4 Bb4 7. g3 Nge7 8. a3
Bc5 9. Nb3 Ba7 10. Bg5 f5 11. Bg2 O-O 12. O-O Qc7 13. Bf4 e5 14. Nd5 Nxd5 15.
Qxd5+ Kh8 16. Be3 Ne7 17. Qa5 b6 18. Qb4 d6 19. exf5 Rb8 20. Bg5 Nxf5 21. Bh3 b5
22. Rad1 Nxg3 23. Rxd6 Nxf1 24. Rc6 Bxf2+ 25. Kxf1 Bc5+ 26. Ke2 Rf2+ 27. Kd3
Rf3+ 28. Ke2 Qxc6 29. Nxc5 Bxh3 30. Nxa6 Rc8 31. Qe7 Qe4+ 32. Kd2 Qxc2+ 33. Ke1
Qf2+ 34. Kd1 Qe2+ 35. Kxe2 Bg4 36. Qxe5 Rf5+ 37. Kd3 Rxe5 38. Bf4 Re6 39. Be3
Rxa6 {White resigns} 0-1

[Event "Team 45 45 League T38"]
[Site "Internet Chess Club"]
[Date "2008.07.25"]
[Round "1"]
[White "ffplayer"]
[Black "rj115225"]
[Result "1/2-1/2"]
[WhiteElo "1128"]
[BlackElo "967"]
[Opening "QGD: symmetrical (Austrian) defense"]
[ECO "D06"]
[Time "12:58:59"]
[TimeControl "2700+45"]

1. d4 d5 2. c4 c5 3. Nf3 Nf6 4. Bg5 h6 5. Bh4 Qa5+ 6. Nc3 e6 7. e3 Nc6 8. a3 Bd7
9. Bd3 O-O-O 10. O-O Ng4 11. Bg3 Be7 12. h3 e5 13. dxe5 Ngxe5 14. Nxe5 Nxe5 15.
Bxe5 f6 16. Bg3 Qb6 17. Nxd5 Qe6 18. b4 Bd6 19. Bxd6 Qxd6 20. Be4 g5 21. Bf3 g4
22. Bxg4 Bxg4 23. hxg4 f5 24. gxf5 Rh7 25. Qc2 Rhh8 26. Rfd1 Rhg8 27. f6 Rg5 28.
Nf4 Qf8 29. Rxd8+ Kxd8 30. Ne6+ Ke8 31. Nxf8 Kxf8 32. Qh7 Rg8 33. Qxh6+ Ke8 34.
Rd1 Kf7 35. Rd7+ Ke6 36. Qh7 Re8 37. Re7+ Kd6 38. Rxe8 cxb4 39. axb4 Kc6 40. Qf5
b6 41. Re6+ Kb7 42. Qd5+ Ka6 43. f7 {Black stalemated} 1/2-1/2

[Event "Team 45 45 League T38"]
[Site "Internet Chess Club"]
[Date "2008.07.25"]
[Round "1"]
[White "KingOfHearts"]
[Black "moreffee"]
[Result "1/2-1/2"]
[WhiteElo "1258"]
[BlackElo "1221"]
[Opening "Sicilian"]
[ECO "B50"]
[Time "13:59:25"]
[TimeControl "2700+45"]

1. e4 c5 2. Nf3 d6 3. Nc3 a6 4. Bc4 e6 5. O-O Nc6 6. a3 Nf6 7. d3 Be7 8. h3 Bd7
9. Be3 b5 10. Bb3 Rc8 11. a4 Na5 12. Bg5 Nxb3 13. cxb3 b4 14. Ne2 h6 15. Bh4 Nh7
16. Bxe7 Qxe7 17. a5 e5 18. Ng3 Ng5 19. Nd2 g6 20. f4 Nxh3+ 21. gxh3 Bxh3 22.
Kh2 Bxf1 23. Qxf1 Qh4+ 24. Kg2 Qxf4 25. Qxf4 exf4 26. Nc4 Ke7 27. Nb6 Rcg8 28.
Nd5+ Ke6 29. Nxf4+ Ke5 30. Kf3 g5 31. Nd5 Kd4 32. Rd1 h5 33. Nc7 Ke5 {Game drawn
by mutual agreement} 1/2-1/2

[Event "Team 45 45 League T38"]
[Site "Internet Chess Club"]
[Date "2008.07.24"]
[Round "1"]
[White "farbror"]
[Black "The-Capitalist"]
[Result "1-0"]
[WhiteElo "1159"]
[BlackElo "1198"]
[Opening "Queen's pawn: Bronstein gambit"]
[ECO "A45"]
[Time "23:00:17"]
[TimeControl "2700+45"]

1. d4 Nf6 2. g4 d5 3. g5 Ne4 4. f3 Nd6 5. e4 dxe4 6. fxe4 Nxe4 7. Qf3 Qxd4 8.
Bd3 Nc5 9. Be3 Qc3+ 10. bxc3 Nxd3+ 11. cxd3 e5 12. Qe4 Nc6 13. Nf3 Bd6 14. d4
O-O 15. dxe5 Re8 16. Bd4 g6 17. O-O Bf5 18. Qf4 Bxe5 19. Nxe5 Nxe5 20. Bxe5 Re7
21. Nd2 Rd8 22. Bf6 {Black resigns} 1-0

[Event "Team 45 45 League T38"]
[Site "Internet Chess Club"]
[Date "2008.07.28"]
[Round "1"]
[White "Lola"]
[Black "RedSkull"]
[Result "1-0"]
[WhiteElo "1208"]
[BlackElo "1146"]
[Opening "Pirc defense"]
[ECO "B07"]
[Time "20:01:00"]
[TimeControl "2700+45"]

1. e4 d6 2. d4 Nf6 3. Nc3 g6 4. Be2 Bg7 5. Bg5 O-O 6. Bxf6 exf6 7. d5 f5 8. Qd3
c6 9. O-O-O b5 10. dxc6 fxe4 11. Qxd6 Bxc3 12. Qxd8 Rxd8 13. Rxd8+ Kg7 14. Rxc8
Be5 15. Bxb5 a6 16. c7 Bxc7 17. Bxa6 Rxa6 18. Rxc7 Rxa2 19. Kb1 Ra5 20. Rc8 Nd7
21. Re8 Nc5 22. Ne2 Ne6 23. Re1 Rf5 24. Rf1 e3 25. f3 Rd5 26. Kc1 h5 27. Rd1 Ra5
28. c3 h4 29. Kc2 Ra4 30. Nd4 Nf4 31. Rxe3 Nxg2 32. Re2 h3 33. Rc1 Ra5 34. b4
Ra7 35. c4 Nf4 36. Re4 Ng2 37. Re2 Nh4 38. Kb3 Rd7 39. Re4 f5 40. Rxh4 Re7 41.
Rxh3 Re3+ 42. Ka4 Rd3 43. Ne6+ Kf6 44. Nf4 Re3 45. Nd5+ {Black resigns} 1-0

[Event "Team 45 45 League T38"]
[Site "Internet Chess Club"]
[Date "2008.07.27"]
[Round "1"]
[White "kjs110"]
[Black "Marcel51"]
[Result "1-0"]
[WhiteElo "1128"]
[BlackElo "1088"]
[Opening "Konstantinopolsky opening"]
[ECO "C44"]
[Time "14:55:16"]
[TimeControl "2700+45"]

1. e4 e5 2. Nf3 Nc6 3. g3 Nf6 4. d3 d5 5. Nbd2 dxe4 6. dxe4 Bc5 7. Bg2 O-O 8.
O-O Re8 9. Re1 b6 10. Qe2 Nb4 11. Rd1 Ng4 12. Nc4 Bxf2+ 13. Kh1 Qf6 14. Ncxe5
Nxe5 15. Qxf2 Ng4 16. Qd4 Nxc2 17. Qxf6 Nxf6 18. Rb1 Nb4 19. a3 Nc6 20. Nd4 Bb7
21. Nxc6 Bxc6 22. Re1 Bxe4 23. Bxe4 Nxe4 24. Bf4 Nf2+ 25. Kg1 Nh3+ 26. Kg2 Nxf4+
27. gxf4 Red8 28. Re7 Rdc8 29. Rd1 Kf8 30. Rdd7 Re8 31. Rxf7+ Kg8 32. Rxg7+ Kh8
33. Rxh7+ Kg8 34. Rxc7 Re2+ 35. Kg3 Rxb2 36. Rcg7+ Kf8 37. Rf7+ Ke8 38. Re7+ Kd8
39. Reg7 Kc8 40. Rh8# {Black checkmated} 1-0

[Event "Team 45 45 League T38"]
[Site "Internet Chess Club"]
[Date "2008.07.28"]
[Round "1"]
[White "Swaney"]
[Black "Razorbackchess"]
[Result "1/2-1/2"]
[WhiteElo "1778"]
[BlackElo "1787"]
[Opening "Paleface attack"]
[ECO "A45"]
[Time "20:05:39"]
[TimeControl "2700+45"]

1. d4 Nf6 2. f3 g6 3. e4 d6 4. Nc3 Bg7 5. Be3 O-O 6. Qd2 Nc6 7. O-O-O a6 8. h4
h5 9. g4 hxg4 10. Bh6 gxf3 11. h5 Ng4 12. Bxg7 Kxg7 13. hxg6 fxg6 14. Bc4 e6 15.
Rf1 b5 16. Bd3 Nb4 17. Nxf3 Nxd3+ 18. cxd3 Rh8 19. Rxh8 Qxh8 20. Ng5 Qh2 21. Ne2
e5 22. dxe5 Nxe5 23. d4 Bg4 24. dxe5 Qxe2 25. Qf4 Qc4+ 26. Kb1 dxe5 27. Qf6+ Kh6
28. Rh1+ Bh5 29. Nf7+ Kh7 30. Ng5+ Kh6 31. Nf7+ Kh7 32. Ng5+ {Game drawn by
mutual agreement} 1/2-1/2

[Event "Team 45 45 League T38"]
[Site "Internet Chess Club"]
[Date "2008.07.28"]
[Round "1"]
[White "sean98"]
[Black "Ghashgork"]
[Result "1/2-1/2"]
[WhiteElo "1690"]
[BlackElo "1661"]
[Opening "French defense"]
[ECO "C01"]
[Time "16:07:35"]
[TimeControl "2700+45"]

1. e4 e6 2. d4 Nf6 3. Nc3 g6 4. e5 Nd5 5. Nxd5 exd5 6. Nf3 d6 7. Bg5 Be7 8. Bxe7
Qxe7 9. Be2 dxe5 10. Nxe5 Nd7 11. Nxd7 Bxd7 12. O-O O-O 13. c3 Rfe8 14. Bd3 a6
15. Qb3 Bc6 16. Qc2 Qd6 17. Rfe1 Re7 18. Re2 Rae8 19. Rae1 Rxe2 20. Rxe2 Rxe2
21. Qxe2 Qe6 22. Qd2 Bb5 23. Bxb5 axb5 24. a3 Qe4 25. h3 c6 26. f3 Qb1+ 27. Kf2
Kg7 28. Qe2 Qf5 29. g4 Qe6 30. Qd2 Qd6 31. Kg2 Qe7 32. Kg3 g5 33. Kg2 h6 34. Qf2
Qe6 35. Qg3 Qe2+ 36. Qf2 Qxf2+ 37. Kxf2 f5 38. b3 Kf6 39. Ke3 fxg4 40. fxg4 Ke6
41. b4 Kd6 {Game drawn by mutual agreement} 1/2-1/2

[Event "Team 45 45 League T38"]
[Site "Internet Chess Club"]
[Date "2008.07.26"]
[Round "1"]
[White "chicopee-ed"]
[Black "peterdiplaros"]
[Result "1/2-1/2"]
[WhiteElo "1487"]
[BlackElo "1438"]
[Opening "QGD Slav: 4.e3 Bf5"]
[ECO "D12"]
[Time "14:05:47"]
[TimeControl "2700+45"]

1. d4 d5 2. Nf3 c6 3. e3 Bf5 4. c4 Nf6 5. Nc3 e6 6. Qb3 Qc7 7. Ne5 dxc4 8. Bxc4
b5 9. Be2 Bd6 10. f4 a5 11. O-O a4 12. Qd1 Ne4 13. Nxe4 Bxe4 14. Bd2 O-O 15. Rc1
Qb7 16. Bf3 Bxf3 17. Qxf3 Ra6 18. Nd3 f6 19. Bb4 Bxb4 20. Nxb4 Rb6 21. Rc5 Rc8
22. Rfc1 Kf7 23. Qe4 h6 24. Kf2 {Game drawn by mutual agreement} 1/2-1/2

[Event "Team 45 45 League T38"]
[Site "Internet Chess Club"]
[Date "2008.07.28"]
[Round "1"]
[White "kingphisch"]
[Black "smsxman"]
[Result "0-1"]
[WhiteElo "1466"]
[BlackElo "1600"]
[Opening "Scotch gambit"]
[ECO "C44"]
[Time "13:00:34"]
[TimeControl "2700+45"]

1. e4 e5 2. Nf3 Nc6 3. d4 exd4 4. Bc4 h6 5. c3 Nf6 6. O-O Be7 7. Re1 O-O 8. cxd4
d5 9. exd5 Nxd5 10. Nc3 Nxc3 11. bxc3 Bg4 12. h3 Bh5 13. Be3 a6 14. Bb3 Na5 15.
Bc2 Qd6 16. g4 Bg6 17. Ne5 Bxc2 18. Qxc2 Nc6 19. Bf4 Nxe5 20. Bxe5 Qd7 21. Qe4
c6 22. Bxg7 Rfe8 23. Be5 Bd6 24. Rad1 Qc7 25. Qf5 Rad8 26. Bxd6 Rxe1+ 27. Rxe1
Qxd6 28. Qe5 Qa3 29. Qe7 Qxe7 30. Rxe7 Rb8 31. Kf1 Kf8 32. Re5 Kg7 33. Re7 b6
34. f4 Kf6 35. Re5 b5 36. Ke1 Rb7 37. Kd2 a5 38. Rc5 Rb6 39. d5 cxd5 40. Rxd5 a4
41. Rd4 Ke6 42. Kd3 f5 43. g5 hxg5 44. fxg5 Kf7 45. Rf4 Kg6 46. h4 Rd6+ 47. Rd4
Rb6 48. Ke3 Re6+ 49. Kf3 Rc6 50. Rd3 Rc4 51. Kg3 Kh5 52. Rf3 Rg4+ 53. Kf2 f4 54.
Ke2 Rxh4 55. Kd3 Kxg5 56. Ke4 Rg4 57. Rd3 Rg3 58. Rd5+ Kg4 59. Rxb5 Rxc3 60. Rf5
Rc4+ 61. Ke5 Rc5+ 62. Ke4 Rxf5 {White resigns} 0-1

[Event "Team 45 45 League T38"]
[Site "Internet Chess Club"]
[Date "2008.07.27"]
[Round "1"]
[White "ZiggyStardust"]
[Black "FramerX"]
[Result "1-0"]
[WhiteElo "1583"]
[BlackElo "1553"]
[Opening "Danish gambit"]
[ECO "C21"]
[Time "10:30:31"]
[TimeControl "2700+45"]

1. e4 e5 2. d4 exd4 3. c3 Nf6 4. Bg5 h6 5. Bh4 d6 6. Qxd4 Be7 7. Nf3 Nc6 8. Qd3
Ne5 9. Nxe5 dxe5 10. Qb5+ Nd7 11. Bxe7 Qxe7 12. Nd2 c6 13. Qb3 Nc5 14. Qc2 Be6
15. b4 Nd7 16. Be2 Qg5 17. O-O Bh3 18. Bf3 Rd8 19. Kh1 Be6 20. Rfd1 O-O 21. c4
f5 22. exf5 Bxf5 23. Qb3 Nf6 24. c5+ Kh8 25. Nc4 Rxd1+ 26. Rxd1 Be4 27. Nd6 Bxf3
28. Qxf3 Qg4 29. Qxg4 Nxg4 30. Rf1 Rxf2 31. Rxf2 Nxf2+ 32. Kg1 Nd3 33. a3 b6 34.
cxb6 axb6 35. Kf1 Kg8 36. Ke2 Nf4+ 37. Kf3 Kf8 38. Nc4 Ne6 39. Nxb6 Nd4+ 40. Ke4
Nc2 41. Nd7+ Ke7 42. Nxe5 Kd6 43. Nc4+ Ke6 44. Kd3 Ne1+ 45. Kd4 Nxg2 46. a4 Nf4
47. a5 Nd5 48. Kc5 g5 49. a6 Nc7 50. a7 h5 51. Kxc6 Na8 52. Kb7 h4 53. Kxa8
{Black resigns} 1-0

[Event "Team 45 45 League T38"]
[Site "Internet Chess Club"]
[Date "2008.07.26"]
[Round "1"]
[White "okun"]
[Black "Pilgrim"]
[Result "1-0"]
[WhiteElo "1603"]
[BlackElo "1529"]
[Opening "Réti: King's Indian attack (Barcza system)"]
[ECO "A07"]
[Time "10:00:34"]
[TimeControl "2700+45"]

1. Nf3 d5 2. g3 c6 3. Bg2 Nf6 4. O-O Bf5 5. d3 h6 6. Nc3 Nbd7 7. Re1 e6 8. Nh4
Bh7 9. e4 Bd6 10. exd5 cxd5 11. Nxd5 O-O 12. Nxf6+ Nxf6 13. Bxb7 Rb8 14. Bg2 Bc5
15. Bf4 Rxb2 16. Be5 Rb4 17. Rb1 Ng4 18. Re2 Qb6 19. Rxb4 Qxb4 20. d4 Rd8 21.
Nf3 Nxe5 22. Rxe5 Bxd4 23. Nxd4 Rxd4 24. Qc1 Rc4 25. Re2 Qa5 26. Qb1 Rb4 27. Qd1
Qb6 28. Re1 Rd4 29. Qe2 Qa5 30. Rb1 Qd8 31. Kh1 Rd2 32. Qf1 Bxc2 33. Rc1 Qb6 34.
f4 Qb2 35. Ra1 Bd3 36. Qg1 Qc2 37. Re1 Qxa2 38. Ra1 Qb3 39. Rc1 Kh7 40. Ra1 Be2
41. Rb1 Qxb1 42. Qxb1+ Bd3 43. Be4+ Bxe4+ 44. Qxe4+ g6 45. Qb7 a5 46. Qxf7+ Kh8
47. Qxg6 a4 48. Qxh6+ Kg8 49. Qxe6+ Kf8 50. Qf6+ Kg8 51. Qa1 {Black resigns} 1-0

[Event "Team 45 45 League T38"]
[Site "Internet Chess Club"]
[Date "2008.07.28"]
[Round "1"]
[White "BarryNL"]
[Black "WoadRaider"]
[Result "0-1"]
[WhiteElo "1485"]
[BlackElo "1779"]
[Opening "Sicilian defense"]
[ECO "B30"]
[Time "13:50:27"]
[TimeControl "2700+45"]

1. e4 c5 2. Nf3 Nc6 3. Nc3 g6 4. Bc4 Bg7 5. d3 Nf6 6. O-O d6 7. Bd2 Bg4 8. Qc1
Bxf3 9. gxf3 Nd4 10. Qd1 O-O 11. Kh1 Qd7 12. Ne2 Nxf3 13. Ng3 Nxd2 14. Qxd2 b5
15. Bd5 Nxd5 16. exd5 Qb7 17. c4 b4 18. Rae1 a5 19. Re2 f5 20. Rfe1 Rae8 21. Qc2
Qd7 22. f3 Rf6 23. Kg2 e6 24. dxe6 Rfxe6 25. Rxe6 Rxe6 26. Rxe6 Qxe6 27. b3 Bc3
28. Qe2 Qxe2+ 29. Nxe2 Kf7 30. Nf4 Kf6 31. h4 Ke5 32. Kg3 Be1+ {White resigns}
0-1

[Event "Team 45 45 League T38"]
[Site "Internet Chess Club"]
[Date "2008.07.27"]
[Round "1"]
[White "Pranav1"]
[Black "EyeAm"]
[Result "1-0"]
[WhiteElo "1526"]
[BlackElo "1419"]
[Opening "Four knights: Italian variation"]
[ECO "C47"]
[Time "14:00:05"]
[TimeControl "2700+45"]

1. e4 e5 2. Nf3 Nf6 3. Nc3 Nc6 4. Bc4 Nxe4 5. Nxe4 d5 6. Bd3 dxe4 7. Bxe4 Bd6 8.
Bxc6+ bxc6 9. d3 O-O 10. h3 Ba6 11. O-O e4 12. Ng5 exd3 13. cxd3 Be7 14. Qg4
Qxd3 15. Rd1 Qe2 16. Qxe2 Bxe2 17. Re1 Bxg5 18. Rxe2 Bf6 19. Bf4 Bxb2 20. Rxb2
Rab8 21. Rab1 Rxb2 22. Rxb2 Rc8 23. Rb7 c5 24. Rxc7 Rxc7 25. Bxc7 c4 26. Bf4 c3
27. Kf1 f6 28. Ke2 g5 29. Bb8 {Black resigns} 1-0

[Event "Team 45 45 League T38"]
[Site "Internet Chess Club"]
[Date "2008.07.26"]
[Round "1"]
[White "supraholic"]
[Black "KingsGrace"]
[Result "1-0"]
[WhiteElo "1301"]
[BlackElo "1314"]
[Opening "French defense"]
[ECO "C00"]
[Time "13:00:08"]
[TimeControl "2700+45"]

1. e4 e6 2. Nf3 Nc6 3. d4 d5 4. e5 Nge7 5. Bg5 h6 6. Bxe7 Bxe7 7. Bd3 Na5 8.
Nbd2 c5 9. c3 Bd7 10. Qc2 Qc7 11. Rc1 a6 12. Qb1 c4 13. Bh7 O-O-O 14. Bc2 h5 15.
b4 Nc6 16. a4 g5 17. b5 axb5 18. axb5 g4 19. bxc6 Bxc6 20. Ng1 f5 21. Ne2 Bg5
22. g3 h4 23. Nf4 Bxf4 24. gxf4 Rdg8 25. Rg1 g3 26. fxg3 Rg4 27. Nf1 Qa5 28. Bd1
Rg7 29. g4 b5 30. h3 Rhg8 31. Qb2 Be8 32. Ra1 Qb6 33. Ne3 Bh5 34. g5 Bg6 35. Nc2
Ra7 36. Nb4 Kb7 37. Bf3 Rga8 38. Kd2 Ra3 39. Rxa3 Ra4 40. Rga1 Kc8 41. Rxa4 bxa4
42. Rxa4 Kd7 43. Ra6 Qb5 44. Bd1 Qb8 45. Ba4+ Kc7 46. Nxd5+ exd5 47. Qxb8+ Kxb8
48. Rxg6 {Black resigns} 1-0

[Event "Team 45 45 League T38"]
[Site "Internet Chess Club"]
[Date "2008.07.27"]
[Round "1"]
[White "Skyler"]
[Black "CLEAN"]
[Result "1-0"]
[WhiteElo "1436"]
[BlackElo "1280"]
[Opening "Queen's pawn, Mason variation"]
[ECO "D00"]
[Time "18:00:08"]
[TimeControl "2700+45"]

1. d4 d5 2. Bf4 Nc6 3. e3 Nf6 4. c3 Bf5 5. Nf3 e6 6. Qb3 b6 7. Bb5 Nd7 8. Bxc6
Rc8 9. Qa4 Bd6 10. Bxd6 cxd6 11. Bxd7+ Qxd7 12. Qxd7+ Kxd7 13. Ke2 a5 14. Nbd2
Rc6 15. Rhc1 h6 16. a3 a4 17. c4 dxc4 18. Rxc4 Rxc4 19. Nxc4 b5 20. Ncd2 Rc8 21.
b3 Rc2 22. bxa4 bxa4 23. Ne1 Rc3 24. e4 Bh7 25. f3 d5 26. Nd3 Rc2 27. Ne5+ Ke7
28. Nd3 dxe4 29. fxe4 Bxe4 30. Nb4 Rb2 31. Ra2 Rxa2 32. Nxa2 Bxg2 33. Nf3 Kd6
34. Nc3 g5 35. Nxa4 Kd5 36. Ne1 Bh1 37. Ke3 Kc4 38. Nb2+ Kb3 39. a4 Kxb2 40. Nf3
g4 41. a5 gxf3 42. Kf2 Kc1 {Black resigns} 1-0

[Event "Team 45 45 League T38"]
[Site "Internet Chess Club"]
[Date "2008.07.27"]
[Round "1"]
[White "CoasterBrake"]
[Black "Duck-Man"]
[Result "1-0"]
[WhiteElo "1198"]
[BlackElo "1176"]
[Opening "QGD: 4.Nf3"]
[ECO "D37"]
[Time "14:03:00"]
[TimeControl "2700+45"]

1. c4 d5 2. d4 e6 3. Nf3 Nf6 4. Nc3 Bd6 5. cxd5 exd5 6. g3 O-O 7. Bg2 c6 8. O-O
Nbd7 9. Re1 Bb4 10. Bd2 c5 11. e4 dxe4 12. Nxe4 Bxd2 13. Qxd2 b6 14. Nd6 Qc7 15.
dxc5 Nxc5 16. Ne5 Bb7 17. Nxb7 Nxb7 18. Rac1 Rac8 19. Rxc7 {Black resigns} 1-0

[Event "Team 45 45 League T38"]
[Site "Internet Chess Club"]
[Date "2008.07.30"]
[Round "1"]
[White "bowwrestler"]
[Black "dornoch"]
[Result "0-1"]
[WhiteElo "955"]
[BlackElo "1034"]
[Opening "Caro-Kann: classical variation"]
[ECO "B18"]
[Time "11:09:12"]
[TimeControl "2700+45"]

1. e4 c6 2. d4 d5 3. Nc3 dxe4 4. Nxe4 Bf5 5. Bd3 Bxe4 6. Bxe4 Nf6 7. Bd3 Qxd4 8.
Qe2 Nbd7 9. Nf3 Qd6 10. Bf4 Qxf4 11. O-O Qd6 12. Rad1 Qc7 13. b4 O-O-O 14. Qe3
h6 15. Qxa7 Qb8 16. Qe3 Ng4 17. Qd2 Nde5 18. Qf4 Nxf3+ 19. Qxf3 Qxh2# {White
checkmated} 0-1

[Event "Team 45 45 League T38"]
[Site "Internet Chess Club"]
[Date "2008.07.27"]
[Round "1"]
[White "jjaillet2007"]
[Black "Just-Jim"]
[Result "0-1"]
[WhiteElo "1243"]
[BlackElo "1386"]
[Opening "QGD Slav defense"]
[ECO "D10"]
[Time "16:19:41"]
[TimeControl "2700+45"]

1. d4 d5 2. c4 c6 3. Nc3 Bf5 4. cxd5 cxd5 5. Bf4 e6 6. e3 a6 7. Bd3 Bxd3 8. Qxd3
Bb4 9. Ne2 Nc6 10. O-O h6 11. a3 Bxc3 12. Qxc3 Nf6 13. Qb3 Na5 14. Qd1 O-O 15.
Be5 Nc4 16. Bxf6 Qxf6 17. b3 Na5 18. Nf4 Nc6 19. Qg4 Kh7 20. Nh5 Qg6 21. f3 f5
22. Qxg6+ Kxg6 23. Nf4+ Kf7 24. Rac1 g5 25. Nd3 Kg8 26. Nc5 Nd8 27. e4 dxe4 28.
fxe4 f4 29. Nd7 Rf7 30. Ne5 Rg7 31. d5 exd5 32. exd5 Kh7 33. h4 Nf7 34. Nxf7
Rxf7 35. d6 Rd8 36. Rc7 Rxc7 37. dxc7 Rc8 38. hxg5 hxg5 39. Rc1 Kg6 40. Kf2 Kf5
41. Rc5+ Kg4 42. b4 b6 43. Rc6 b5 44. Rxa6 Rxc7 45. Rb6 Rc2+ 46. Kf1 Kg3 47.
Rxb5 g4 48. Rd5 Rxg2 49. Rd3+ f3 50. b5 Kh2 51. b6 Rg1+ 52. Kf2 g3+ 53. Kxf3
Rf1+ 54. Kg4 g2 55. Rh3+ Kg1 56. b7 Kf2 57. Rg3 Rb1 58. Kh3 g1=Q 59. Rxg1 Kxg1
60. Kg3 Rxb7 61. Kf4 Ra7 62. Ke5 Rxa3 63. Kd4 Kf2 64. Kc4 Ke2 65. Kb4 Rh3 66.
Kc5 Kd3 67. Kd5 Rh4 68. Ke5 Kc4 69. Kf5 Kd4 70. Ke6 Rh5 71. Kf6 Kd5 72. Kg6 Re5
73. Kf6 Kd6 74. Kg6 Ke6 75. Kg7 Rf5 76. Kg6 Re5 77. Kg7 Rg5+ 78. Kf8 Kd7 79. Kf7
Ra5 80. Kf6 Rc5 81. Kg6 Ke6 82. Kg7 Rg5+ 83. Kf8 Kd7 84. Kf7 Rf5+ 85. Kg6 Rf1
86. Kg5 Ke6 87. Kg4 Ke5 88. Kg3 Ke4 89. Kg4 Rg1+ 90. Kh5 Kf5 91. Kh6 Kf6 92. Kh5
Rg5+ 93. Kh4 Kf5 94. Kh3 Kf4 95. Kh4 Rf5 96. Kh3 Kf3 97. Kh4 Kf2 98. Kg4 Rf3 99.
Kg5 Kg2 100. Kg4 Rf8 101. Kg5 Kf3 102. Kg6 Kf4 103. Kg7 Rf5 104. Kg6 Kg4 105.
Kg7 Kg5 106. Kh7 Rf6 107. Kg7 Kf5 108. Kh7 Rg6 109. Kh8 Kf6 110. Kh7 Kf7 111.
Kh8 Rh6# {White checkmated} 0-1

[Event "Team 45 45 League T38"]
[Site "Internet Chess Club"]
[Date "2008.07.26"]
[Round "1"]
[White "reverendjim"]
[Black "DrOMM"]
[Result "1/2-1/2"]
[WhiteElo "1160"]
[BlackElo "1286"]
[Opening "Caro-Kann defense"]
[ECO "B15"]
[Time "08:02:03"]
[TimeControl "2700+45"]

1. e4 c6 2. d4 d5 3. Nc3 Nf6 4. e5 Ne4 5. Qf3 Nxc3 6. Qxc3 Bf5 7. Bd3 Bxd3 8.
Qxd3 e6 9. Nf3 c5 10. c4 cxd4 11. Nxd4 Bc5 12. Be3 Nd7 13. cxd5 Nxe5 14. Qb5+
Qd7 15. Qxd7+ Nxd7 16. dxe6 fxe6 17. Nxe6 Bb4+ 18. Bd2 Bxd2+ 19. Kxd2 Kf7 20.
Ng5+ Kg6 21. f4 h6 22. Nf3 Rad8 23. Ke2 Rhe8+ 24. Kf2 Nf6 25. Rhe1 Ne4+ 26. Kg1
Nd2 27. Rxe8 Nxf3+ 28. gxf3 Rxe8 29. Kf2 Rc8 30. Rg1+ Kh7 31. Kg3 Rc2 32. Rg2
Rc6 33. Re2 {Game drawn by mutual agreement} 1/2-1/2

[Event "Team 45 45 League T38"]
[Site "Internet Chess Club"]
[Date "2008.07.29"]
[Round "1"]
[White "joaoazm"]
[Black "kynduvme"]
[Result "0-1"]
[WhiteElo "1209"]
[BlackElo "1254"]
[Opening "Sicilian defense"]
[ECO "B40"]
[Time "19:30:04"]
[TimeControl "2700+45"]

1. e4 e6 2. Nf3 c5 3. c4 Nc6 4. Bd3 d6 5. O-O h6 6. b3 Nf6 7. h3 Be7 8. Bb2 O-O
9. a3 Nh7 10. Nc3 a6 11. Nh2 f5 12. Qf3 fxe4 13. Qxe4 Ng5 14. Qe2 d5 15. Bc2 Bd7
16. cxd5 Nd4 17. Qd3 e5 18. Ne4 Bb5 19. Qc3 Ne2+ 20. Kh1 Nxc3 21. Bxc3 Bxf1 22.
Rxf1 Qxd5 23. Nxg5 Bxg5 24. Ng4 Rae8 25. b4 Bxd2 26. Rd1 Qc4 27. Bxd2 Qxc2 28.
Ne3 Qg6 29. f3 e4 30. Bc3 exf3 31. Rd7 fxg2+ 32. Nxg2 Rf1+ 33. Kh2 Rf7 34. Nf4
Qc2+ {White resigns} 0-1

[Event "Team 45 45 League T38"]
[Site "Internet Chess Club"]
[Date "2008.07.28"]
[Round "1"]
[White "chips"]
[Black "MeansToAnEnd"]
[Result "0-1"]
[WhiteElo "1077"]
[BlackElo "1112"]
[Opening "Queen's pawn game, Chigorin variation"]
[ECO "D02"]
[Time "21:05:24"]
[TimeControl "2700+45"]

1. d4 d5 2. Nf3 Nc6 3. e3 e6 4. Bb5 Bd7 5. O-O a6 6. Bxc6 Bxc6 7. Nbd2 Bd6 8. c4
Nf6 9. c5 Be7 10. Nb3 Ba4 11. Nfd2 b6 12. Qf3 O-O 13. Re1 Bxb3 14. Nxb3 Ne4 15.
cxb6 cxb6 16. Bd2 a5 17. a4 Qc7 18. Rec1 Qd6 19. Rc2 Rac8 20. Bc3 Nxc3 21. bxc3
Rc7 22. Nc1 Rc4 23. Ne2 Qd7 24. Rca2 Rb8 25. e4 b5 26. axb5 Qxb5 27. Qd3 dxe4
28. Qxe4 f5 29. Qxe6+ Kf8 30. Qxf5+ Qxf5 31. Rxa5 Qd3 32. Re1 Qd2 33. Kf1 Rb2
34. Rf5+ Bf6 35. Rf3 Qc2 36. g4 Rb1 37. g5 Rxe1+ 38. Kxe1 Qb1+ 39. Nc1 Qxc1+ 40.
Ke2 Qc2+ 41. Ke3 Rxc3+ {White resigns} 0-1

[Event "Team 45 45 League T38"]
[Site "Internet Chess Club"]
[Date "2008.07.27"]
[Round "1"]
[White "Luckydawg"]
[Black "jacknor"]
[Result "1-0"]
[WhiteElo "1768"]
[BlackElo "1619"]
[Opening "English opening"]
[ECO "A20"]
[Time "08:31:23"]
[TimeControl "2700+45"]

1. c4 e5 2. g3 Nf6 3. Bg2 Nc6 4. Nc3 Bb4 5. Nd5 O-O 6. Nxb4 Nxb4 7. d4 exd4 8.
a3 Nc6 9. Nf3 d6 10. Nxd4 Ne5 11. Qc2 Bg4 12. Bxb7 Rb8 13. Bg2 Qd7 14. O-O Bh3
15. Bg5 Bxg2 16. Kxg2 Ne8 17. b4 Qg4 18. Bf4 Ng6 19. Qf5 Nxf4+ 20. Qxf4 Qxf4 21.
gxf4 Nf6 22. f3 Nh5 23. e3 f5 24. Kf2 Rbe8 25. Nb5 Rf7 26. Nxa7 c5 27. Nb5 cxb4
28. Nxd6 Rd8 29. Nxf7 Rd2+ 30. Kg1 Kxf7 31. axb4 Rd3 32. b5 Rxe3 33. b6 Re8 34.
b7 Rb8 35. Ra7 Nxf4 36. Rb1 Ke7 37. Ra8 {Black resigns} 1-0

[Event "Team 45 45 League T38"]
[Site "Internet Chess Club"]
[Date "2008.07.26"]
[Round "1"]
[White "badmove"]
[Black "bmw2002"]
[Result "0-1"]
[WhiteElo "1637"]
[BlackElo "1612"]
[Opening "French: Tarrasch, open variation"]
[ECO "C07"]
[Time "17:34:34"]
[TimeControl "2700+45"]

1. e4 e6 2. d4 d5 3. Nd2 c5 4. Ngf3 Nh6 5. exd5 exd5 6. Bb5+ Bd7 7. Bxd7+ Nxd7
8. O-O Be7 9. dxc5 Nxc5 10. Nd4 O-O 11. N2f3 Ng4 12. Re1 Qd7 13. Be3 Bf6 14. h3
Nxe3 15. Rxe3 Rfe8 16. Qd2 Rac8 17. Rxe8+ Qxe8 18. Re1 Ne4 19. Rf1 {White
resigns} 0-1

[Event "Team 45 45 League T38"]
[Site "Internet Chess Club"]
[Date "2008.07.27"]
[Round "1"]
[White "MathWorker"]
[Black "mongmong"]
[Result "1/2-1/2"]
[WhiteElo "1592"]
[BlackElo "1649"]
[Opening "French: Tarrasch, closed variation"]
[ECO "C05"]
[Time "19:55:48"]
[TimeControl "2700+45"]

1. e4 e6 2. d4 d5 3. Nd2 Nf6 4. e5 Ng8 5. Bd3 c5 6. c3 Nc6 7. Ne2 Qb6 8. Nf3 Be7
9. O-O f6 10. Qc2 f5 11. Qd1 Bd7 12. b3 cxd4 13. cxd4 h6 14. Bb2 g5 15. Bc2 h5
16. Qd2 Qd8 17. Rac1 g4 18. Ne1 Rc8 19. Nf4 Bg5 20. Ned3 Qb6 21. Nxd5 Bxd2 22.
Nxb6 Bxc1 23. Nxc8 Bxb2 24. Nd6+ Ke7 25. Nxb2 Nxd4 26. Bd3 Bc6 27. Nc8+ Kd8 28.
Nxa7 Kc7 29. Nxc6 Nxc6 30. Rc1 Ne7 31. f4 gxf3 32. gxf3 Nd5 33. Nc4 Nf4 34. Bf1
Kb8 35. Kf2 Nb4 36. Rd1 Nxa2 37. Rd4 Nd5 38. Ne3 Ndb4 39. Bc4 Re8 40. Rd6 f4 41.
Ng2 Nc6 42. Rxe6 Rxe6 43. Bxe6 Nxe5 44. Nxf4 h4 45. Ng2 Nd3+ 46. Ke3 Nc5 47. Bc4
Nc1 48. Nxh4 N1xb3 49. Bxb3 Nxb3 50. Nf5 Kc7 51. Nd4 Nc5 52. Kd2 Kd6 53. Kc3 Ke7
54. Kc4 Nd7 55. Kb5 Ne5 56. Kb6 Kf6 57. Kxb7 Kg5 58. Kc7 Kf4 59. h4 Ng6 60. h5
Nh8 61. Kd6 Kg5 62. Ke6 Kxh5 63. f4 Kh6 64. f5 Kg7 65. Nf3 Kf8 66. Ng5 Ke8 67.
Kf6 Kf8 68. Nh7+ Kg8 69. Ng5 Kf8 70. Ne6+ Ke8 71. Kg7 Nf7 72. f6 Ne5 73. Nf8 Nf7
74. Nd7 Nd6 75. Kg8 Nf7 76. Ne5 Nxe5 77. f7+ Nxf7 {Game drawn because neither
player has mating material} 1/2-1/2